 Dungeon Crawl Stone Soup version 0.29.1-4-g47bece8355 (webtiles) character file.

Game seed: 8520914172633115258

5 ChadusMaximus the Caller (level 1, 0/10 HPs)
             Began as a Deep Elf Summoner on Dec 3, 2022.
             Slain by a quokka (2 damage)
             ... on level 1 of the Dungeon.
             The game lasted 00:01:16 (210 turns).

ChadusMaximus the Caller (Deep Elf Summoner)         Turns: 210, Time: 00:01:17

Health: 0/10       AC:  2    Str:  5    XL:     1   Next: 66%
Magic:  4/6        EV: 12    Int: 19    God:
Gold:   27         SH:  0    Dex: 15    Spells: 5/6 levels left

rFire   . . .      SeeInvis .   d - +0 club
rCold   . . .      Faith    .   (no shield)
rNeg    . . .      Spirit   .   a - +0 robe
rPois   .          Reflect  .   (no helmet)
rElec   .          Harm     .   (no cloak)
rCorr   .          Rampage  .   (no gloves)
Will    .....                   (no boots)
Stlth   ++........              (no amulet)
HPRegen 0.03/turn               (no ring)
MPRegen 0.10/turn               (no ring)

@: no status effects
A: no striking features
a: no special abilities


You were on level 1 of the Dungeon.
You visited 1 branch of the dungeon, and saw 1 of its levels.

You collected 27 gold pieces.

Inventory:

Hand Weapons
 d - a +0 club (weapon)
Armour
 a - a +0 robe (worn)
 c - a +0 kite shield
Potions
 b - a potion of magic


   Skills:
 + Level 2.5 Dodging
 + Level 2.5 Stealth
 + Level 3.1 Spellcasting
 + Level 4.6 Summonings


You had 5 spell levels left.
You knew the following spells:

 Your Spells              Type           Power      Damage    Failure   Level
a - Summon Small Mammal   Summ           80%        N/A       2%          1

Your spell library contained the following spells:

 Spells                   Type           Power      Damage    Failure   Level
 Call Imp                 Summ           20%        N/A       3%          2
 Call Canine Familiar     Summ           20%        N/A       7%          3
 Sandblast                Erth           4%         2d4       16%         1
 Summon Guardian Golem    Hex/Summ       11%        N/A       19%         3
 Passwall                 Tmut/Erth      1%         N/A       22%         2
 Stone Arrow              Conj/Erth      4%         3d7       41%         3
 Summon Lightning Spire   Summ/Air       11%        N/A       52%         4


Dungeon Overview and Level Annotations

Branches:
Dungeon (1/15)

Altars:


Message History

The slug dart misses you.
Your bat hits the giant cockroach but does no damage.
Your bat closely misses the giant cockroach.
Something barely misses your rat. The giant cockroach bites your bat.
Casting: Summon Small Mammal (safe; 2% risk of failure)
Confirm with . or Enter, or press ? or * to list all spells.
You don't know that spell.
You hit the hobgoblin.
You kill the hobgoblin!
Your bat hits the giant cockroach.
The giant cockroach barely misses your rat.
Your rat bites the giant cockroach but does no damage.
Your bat hits the dart slug.
The giant cockroach barely misses your rat.
Your rat bites the giant cockroach but does no damage.
The giant cockroach bites your rat.
Your rat dies!
Your rat's corpse disappears in a puff of smoke!
Your bat closely misses the giant cockroach.
The dart slug launches a dart at you. The slug dart misses you.
Casting: Summon Small Mammal (safe; 2% risk of failure)
Confirm with . or Enter, or press ? or * to list all spells.
Your bat hits the giant cockroach. The quokka misses you.
The quokka attacks as you move away! The quokka misses you.
Your bat hits the giant cockroach.
The giant cockroach closely misses your quokka.
The dart slug closely misses your bat.
Your bat hits the dart slug. The quokka bites you.
* * * LOW HITPOINT WARNING * * *
The quokka attacks as you move away! The quokka closely misses you.
Your bat hits the giant cockroach but does no damage.
Your quokka bites the quokka.
The giant cockroach closely misses your quokka.
There is a stone staircase leading down here.
You are too injured to fight recklessly!
You closely miss the quokka.
The quokka is moderately wounded.
Your bat hits the giant cockroach. The quokka bites you.
You die...

..'...... ..########
##....... ..........
......... ...#######
#$....... ...#
#..)..... ##.# #
#......#
#.#####.#######......#
##.#.....##....#......#
..........+....'@.....#
.#.#.######....#r.....#
...#.######....#r.....#
##....##.......#......#
#.#...........#B.....#
#.#.##........#.b....#
#.#.##........#w.....#
#.#+##........#.†....#
.........#.#'######


You could see a dart slug, a quokka (ally target), a giant cockroach (ally
target), a friendly quokka (summoned) and a friendly bat (summoned).

Vanquished Creatures
  A ball python (D:1)
  An endoplasm (D:1)
  A hobgoblin (D:1)
3 creatures vanquished.

Vanquished Creatures (collateral kills)
  A goblin (D:1)
1 creature vanquished.

Grand Total: 4 creatures vanquished

Notes
Turn   | Place    | Note
-------+----------+-------------------------------------------
     0 | D:1      | ChadusMaximus the Deep Elf Summoner began the quest for the
                  | Orb.
     0 | D:1      | Reached XP level 1. HP: 10/10 MP: 6/6
   210 | D:1      | Slain by a quokka

Illustrated notes

Levels and vault maps discovered:
D:1:      psy_arrival_fountain, layout_basic,
          hellmonk_ecumenical_altar_lost_god, minmay_pentomino_q2

Action                   || total
-------------------------++-------
Melee: Club              ||     7
 Cast: Summon Small Mamm ||     6
 Stab: Sleeping          ||     1
Armor: Robe              ||     2
Dodge: Dodged            ||     9
